Map: Babylon LE

Players

电脑难度(新手) - Winner!

  • Race: Zerg Zerg
  • Spawn Location: 11:00

IIIIIIIIIII

  • Race: Protoss Protoss
  • League: Master
  • Spawn Location: 5:00

VOD

Have the link to the VOD?

Description

Time

  • Played on: March 6, 2023, 3:15 a.m.
  • Length: 7:11
Show
View Real Time Build Order
Export as new Build Order

电脑难度(新手) Zerg - Winner!

Build Orders: Hatch First 

Get SALT Encoding   

  12  0:00  Drone  
  13  0:12  Overlord  
  13  0:16  Drone  
  14  0:41  Hatchery  
  13  0:45  Drone  
  14  1:04  Spawning Pool  
  14  1:05  Extractor  
  14  1:09  Drone  
  13  1:16  Drone  
  14  1:22  Overlord  
  14  1:52  Zergling x2  
  14  1:53  Queen  
  17  1:54  Zergling x2  
  18  2:03  Roach Warren  
  18  2:05  Extractor  
  17  2:08  Drone  
  18  2:15  Drone  
  18  2:18  Zergling x2  
  19  2:23  Drone  
  20  2:30  Drone  
  21  2:37  Drone  
  22  2:44  Drone  
  23  2:51  Drone  
  24  2:58  Drone  
  25  3:06  Drone, Roach  
  25  3:11  Overlord  
  28  3:16  Drone  
  29  3:23  Drone  
  30  3:30  Drone  
  31  3:38  Drone  
  32  3:43  Overlord  
  32  3:46  Drone  
  33  3:53  Lair  
  33  3:54  Drone, Roach  
  36  4:03  Drone  
  37  4:10  Drone  
  38  4:17  Drone  
  39  4:25  Drone  
  40  4:32  Drone  
  40  4:33  Overlord  
  41  4:39  Drone  
  41  4:42  Roach  
  44  4:46  Drone  
  44  4:51  Overseer  
  45  4:53  Drone, Overseer  
  45  4:58  Extractor  
  45  5:00  Drone  
  45  5:02  Extractor  
  45  5:04  Overlord  
  45  5:08  Drone  
  45  5:11  Hatchery  
  45  5:15  Drone  
  46  5:22  Drone  
  47  5:29  Drone  
  47  5:30  Roach  
  50  5:37  Drone  
  50  5:44  Drone  
  51  5:51  Drone  
Show
View Real Time Build Order
Export as new Build Order

IIIIIIIIIII Protoss 

Build Orders: 1 Gate Expand, Zealot Archon, Archon Drop, Dark Templar Rush 

Get SALT Encoding   

  12  0:00  Probe  
  13  0:12  Probe  
  14  0:20  Pylon  
  14  0:24  Probe  
  15  0:38  Probe (Chrono Boost)  
  15  0:39  Gateway  
  16  0:49  Probe (Chrono Boost), Assimilator  
  17  0:54  Probe (Chrono Boost)  
  18  1:04  Probe  
  19  1:16  Probe  
  20  1:24  Nexus  
  20  1:35  Cybernetics Core  
  20  1:40  Assimilator  
  20  1:42  Probe (Chrono Boost)  
  21  1:49  Pylon  
  22  1:55  Probe (Chrono Boost)  
  22  2:00  Probe (Chrono Boost)  
  23  2:09  Adept (Chrono Boost), Probe  
  23  2:13  Warp Gate  
  26  2:21  Probe  
  27  2:30  Twilight Council  
  27  2:31  Stalker  
  27  2:36  Probe (Chrono Boost)  
  31  2:37  Probe (Chrono Boost)  
  31  2:46  Probe (Chrono Boost)  
  31  2:48  Probe (Chrono Boost)  
  31  2:50  Gateway  
  33  2:57  Robotics Facility  
  33  3:00  Probe  
  33  3:02  Probe  
  35  3:12  Probe  
  36  3:16  Dark Shrine  
  36  3:17  Probe  
  37  3:22  Assimilator  
  37  3:24  Probe  
  38  3:29  Probe  
  38  3:31  Gateway  
  39  3:34  Gateway  
  39  3:41  Probe  
  39  3:42  Probe  
  39  3:44  Warp Prism (Chrono Boost)  
  43  3:53  Probe  
  43  3:54  Pylon  
  44  4:00  Pylon  
  44  4:04  Probe  
  44  4:07  Probe, Pylon  
  46  4:16  Assimilator, Probe  
  47  4:19  Probe  
  48  4:28  Probe  
  49  4:37  Probe  
  50  4:41  Dark Templar x4  
  50  4:45  Probe  
  59  4:48  Immortal (Chrono Boost)  
  59  4:52  Charge  
  63  4:59  Gateway  
  63  5:06  Gateway x2  
  63  5:13  Archon  
  63  5:14  Gateway, Archon  
  63  5:18  Immortal (Chrono Boost)  
  67  5:22  Sentry  
  67  5:27  Pylon  
  69  5:30  Pylon  
  69  5:40  Pylon  
  69  5:41  Pylon  
  69  5:48  Immortal (Chrono Boost)  
  69  5:49  Sentry  
  75  5:54  Dark Templar  
  75  5:55  Dark Templar  
  79  6:07  Pylon  
  79  6:08  Pylon  
  79  6:10  Dark Templar  
  81  6:12  Zealot  
  81  6:13  Zealot  
  81  6:15  Dark Templar  
  87  6:22  Observer (Chrono Boost)  
  87  6:24  Archon  
  88  6:26  Archon  
  88  6:31  Pylon  
  88  6:35  Zealot x4  
  96  6:53  Zealot x3  
  102  7:02  Zealot x4  
Tags
 
Add a new tag
Caveats
  • Supply blocks, unpowered buildings, or Contaminate may cause inaccurate times.
  • Supply counts are checked every 10 seconds.